 Dungeon Crawl Stone Soup version 0.31-a0-1522-g43313d8a59 (webtiles) character file.

Game seed: 14601181165892547320

105366 octoduck the Spry (level 16, -5/134 (138) HPs)
             Began as a Merfolk Monk on Dec 1, 2023.
             Was the Champion of Ru.
             Killed from afar by a will-o-the-wisp (23 damage)
             ... with a foxfire
             ... on level 4 of the Swamp on Dec 30, 2023.
             The game lasted 02:32:43 (39800 turns).

octoduck the Spry (Merfolk Monk)                   Turns: 39800, Time: 02:32:44

HP:   -5/134 (138)  AC: 14    Str: 13    XL:     16   Next: 41%
MP:   16/16         EV: 46    Int:  9    God:    Ru [******]
Gold: 1170          SH: 16    Dex: 27    Spells: 15/15 levels left

rFire   . . .        P - +6 long sword (freeze)
rCold   + . .        N - +2 kite shield
rNeg    . . .        a - +4 ring mail {rC+}
rPois   .            t - +2 helmet
rElec   .            Y - scarf {rC+ rF+}
rCorr   .            T - +1 pair of gloves {hurl}
SInv    .            I - melded +0 pair of boots
Will    ++...        h - amulet of the acrobat
Stlth   ++++         A - +6 ring of dexterity
HPRegen 0.42/turn    f - ring of willpower
MPRegen 0.15/turn

%: acrobat
@: lethally poisoned (-5 -> -13), exhausted, acrobatic, lightly drained, very
quick
A: weak 1, inability to read after injury 2, inability to train armour, no hexes
magic, no ice magic, no necromancy magic, temperature sensitive, nimble swimmer
2, mertail, no forms
a: Renounce Religion, Draw Out Power, Power Leap, Apocalypse


You were on level 4 of the Swamp.
You worshipped Ru.
Ru was exalted by your worship.
You visited 5 branches of the dungeon, and saw 27 of its levels.

You collected 2532 gold pieces.
You spent 1362 gold pieces at shops.

Inventory:

Hand Weapons
 b - a +2 scimitar of flaming
 P - a +6 long sword of freezing (weapon)
Missiles
 y - 7 curare-tipped darts
 L - 10 javelins (quivered)
Armour
 a - a +4 ring mail of cold resistance (worn)
 t - a +2 helmet (worn)
 v - a +0 ring mail of fire resistance
 I - a +0 pair of boots (melded)
 N - a +2 kite shield (worn)
 T - a +1 pair of gloves of hurling (worn)
 Y - a scarf of resistance (worn)
Jewellery
 c - a ring of protection from cold
 f - a ring of willpower (right hand)
 g - a ring of resist corrosion
 h - an amulet of the acrobat (around neck)
 A - a +6 ring of dexterity (left hand)
 M - a ring of poison resistance
 U - an amulet of reflection
Wands
 e - a wand of polymorph (7)
 k - a wand of mindburst (9)
 l - a wand of charming (8)
 n - a wand of iceblast (1)
 s - a wand of flame (9)
 D - a wand of digging (11)
 X - a wand of quicksilver (11)
Scrolls
 d - 2 scrolls of enchant weapon
 p - 6 scrolls of vulnerability
 r - 12 scrolls of teleportation
 u - 4 scrolls of immolation
 B - 2 scrolls of poison
 C - a scroll of fog
 E - 3 scrolls of enchant armour
 F - 2 scrolls of noise
 G - 2 scrolls of blinking
 J - 3 scrolls of fear
 K - 7 scrolls of identify
 Q - 4 scrolls of summoning
 V - a scroll of revelation
 W - 3 scrolls of amnesia
Potions
 i - a potion of mutation
 j - 6 potions of curing
 m - 3 potions of ambrosia
 o - 2 potions of attraction
 q - 5 potions of magic
 w - 4 potions of brilliance
 x - 5 potions of lignification
 z - 5 potions of haste
 H - a potion of resistance
 R - 2 potions of might
 S - 4 potions of enlightenment
 Z - 2 potions of heal wounds


   Skills:
 + Level 16.2 Fighting
 - Level 14.2 Long Blades
 - Level 10.1 Throwing
 - Level 17.9 Dodging
 - Level 6.2 Stealth
 + Level 10.4 Shields
 - Level 10.0 Evocations


You had 15 spell levels left.
You didn't know any spells.
Your spell library contained the following spells:

 Spells                   Type           Power      Damage    Failure   Level
 Foxfire                  Conj/Fire      0%         2x1d4     91%         1
 Shock                    Conj/Air       0%         1d3       91%         1
 Swiftness                Air            0%         N/A       100%        3
 Volatile Blastmotes      Fire/Tloc      0%         2d10      100%        3
 Airstrike                Air            0%         2d(0-16)  100%        4
 Animate Armour           Summ/Erth      0%         N/A       100%        4
 Flame Wave               Conj/Fire      0%         2d4       100%        4
 Manifold Assault         Tloc           0%         N/A       100%        4
 Sticky Flame             Fire/Alch      0%         2d4       100%        4
 Summon Lightning Spire   Summ/Air       0%         N/A       100%        4
 Lee's Rapid Deconstruct  Erth           0%         3d4*      100%        5
 Dispersal                Tloc           0%         N/A       100%        6
 Plasma Beam              Fire/Air       0%         2x1d10    100%        6
 Starburst                Conj/Fire      0%         6d3       100%        6
 Malign Gateway           Summ/Tloc      0%         N/A       100%        7
 Disjunction              Tloc           0%         N/A       100%        8
 Maxwell's Capacitive Co  Air            0%         ∞         100%        8
 Summon Horrible Things   Summ           0%         N/A       100%        8
 Ensorcelled Hibernation  Hex/Ice        Unusable   N/A       N/A         2
 Jinxbite                 Hex            Unusable   N/A       N/A         2
 Dazzling Flash           Conj/Hex       Unusable   N/A       N/A         3
 Inner Flame              Hex/Fire       Unusable   N/A       N/A         3
 Anguish                  Hex/Necr       Unusable   N/A       N/A         4

Dungeon Overview and Level Annotations

Branches:
Dungeon (15/15)            Temple (1/1) D:7            Lair (5/5) D:9
  Swamp (4/4) Lair:3       Spider (0/4) Lair:3        Slime (0/5) Lair:5
    Orc (2/2) D:9             Elf (0/3) Orc:2        Vaults (0/5) D:13
 Depths: D:15

Altars:
Ashenzari
Cheibriados
Dithmenos
Elyvilon
Fedhas
Gozag
Hepliaklqana
Kikubaaqudgha
Makhleb
Nemelex Xobeh
Okawaru
Qazlal
Ru
Sif Muna
Trog
Uskayaw
Vehumet
Wu Jian
Xom
Yredelemnul
Zin
The Shining One

Shops:
D:2 *   D:3 [   D:7 :   D:8 :!*((   D:9 *=*:   Orc:2 *!*((:

Annotations:
Temple 2 transporters
Lair:3 exclusion: meliai
Lair:5 1 runed translucent door
Swamp:1 1 runed translucent door, tgirl's ghost, adept OpEn


Innate Abilities, Weirdness & Mutations

You are weak. (Str -2)
You sometimes lose the ability to read scrolls when taking damage.
You cannot train Armour skill.
You cannot study or cast Hexes magic.
You cannot study or cast Ice magic.
You cannot study or cast Necromancy magic.
You are sensitive to extremes of temperature. (rF-, rC-)
You are very nimble when in or above water. (Stealth+, EV+, Speed+++)
Your lower body shifts to a powerful aquatic tail in water.
You cannot voluntarily change form.


Message History

You tail-slap the swamp dragon.
The swamp dragon is moderately wounded.
You feel extremely sick. The foxfire hits you!
You redirect the will-o-the-wisp's attack!
A foxfire comes into view.
You feel very sick.
The foxfire dissipates!
The will-o-the-wisp begins to attack, but is stunned by your conviction!
The swamp dragon completely misses you.
The swamp dragon claws you but does no damage.
The swamp dragon completely misses you.
You closely miss the swamp dragon.
You tail-slap the swamp dragon, but do no damage.
The swamp dragon is moderately wounded.
You feel very sick.
You slice the swamp dragon!! You freeze the swamp dragon!
You tail-slap the swamp dragon, but do no damage.
The swamp dragon is almost dead.
You feel very sick.
A tyrant leech comes into view.
The swamp dragon misses you. The swamp dragon completely misses you.
You block the swamp dragon's attack.
You slash the swamp dragon! You freeze the swamp dragon.
You kill the swamp dragon!
You feel very sick.
Aiming: Iceblast
Press: ? - help, Shift-Dir - straight line The mass of ice explodes!
The iceblast engulfs the tyrant leech!!
The tyrant leech is heavily wounded.
The iceblast engulfs the will-o-the-wisp!
The will-o-the-wisp partially resists.
The will-o-the-wisp is moderately damaged.
You feel very sick.
You feel sick.
The will-o-the-wisp gestures.
The will-o-the-wisp conjures some marshlight! 2 foxfires come into view.
You feel sick. The foxfire hits you!!
You die...

♣~~~~~~~~§~♣ #k§
♣~.~~~~~÷~~♣ ≈~§
♣♣♣.~~~~.~~♣ .~~♣
♣♣♣♣♣.~~~§~♣♣♣ ~≈###
♣~~~~.~~§v♣♣ [.#
♣.~~~.~~v§.♣♣♣ .≈#
♣♣♣.~~~.~~§§~~♣♣ #D.
♣♣~~~.~.~~(.v~~~♣
♣..~~.~.~~♣.@~~♣♣
♣♣♣.~~~.~♣♣♣..~~♣♣
♣.~~~~~..~|÷.~~~~♣♣
♣..♣.~§~...~.(~~~~♣♣♣
♣♣♣..~....<.♣~§~~~~~♣
♣♣.~.~~~.~~.~~~~~♣♣♣♣
♣~~~~~~~~.~.~~~~..~~♣
♣~~~~~~~~~~..~~~~~~~♣
♣~~~§~~~.~~.♣.[.~~~♣♣


You could see a will-o-the-wisp.

Vanquished Creatures
  A fenstrider witch (Swamp:3)
  2 eleionomae (Swamp:2)
  6 bunyips
  A shambling mangrove (Swamp:3)
  14 hydras
  3 vault guards
  5 alligators
  2 ghost crabs
  2 catoblepae
  5 boulder beetles
  6 two-headed ogres
  A centaur warrior (D:13)
  A death knight (D:15)
  3 death yaks (Lair:5)
  Urug (D:13)
  8 spriggans
  3 goliath frogs
  6 skeletal warriors
  2 skysharks
  5 swamp dragons
  2 spriggan druids
  3 arcanists
  A lindwurm (Lair:5)
  3 bog bodies
  A phantasmal warrior (D:15)
  3 orc knights
  9 orc sorcerers (Orc:2)
  An oklob plant (Lair:2)
  3 deep elf pyromancers
  2 will-o-the-wisps
  A manticore (Lair:5)
  5 cyclopes
  5 ugly things
  8 elephants
  3 black mambas
  A torpor snail (shapeshifter) (D:13)
  12 cane toads
  2 gargoyles
  2 unseen horrors
  4 rime drakes
  An efreet (D:13)
  4 kobold demonologists
  9 komodo dragons
  A meliai (Lair:3)
  11 trolls
  7 tyrant leeches
  2 polar bears
  6 hornets
  2 bloated husks
  7 dream sheep (Lair:5)
  12 blink frogs
  A centaur simulacrum (D:14)
  3 slime creatures (D:14)
  2 wraiths (D:15)
  2 water elementals (D:14)
  32 yaks
  7 wyverns
  3 fire bats (Lair:1)
  19 humans (D:13)
  Eustachio (D:4)
  10 basilisks
  3 steam dragons
  13 vampire mosquitoes
  4 wargs
  13 swamp worms
  2 acid dragons
  13 water moccasins
  4 swamp drakes
  2 black bears
  An ice beast (D:9)
  A sky beast (D:6)
  18 orc warriors
  7 ogres
  6 wolves
  A phantom (D:5)
  6 centaurs
  7 bullfrogs
  7 kobold brigands
  A gnoll sergeant (D:5)
  2 scorpions
  17 wights
  3 killer bees (Lair:3)
  A howler monkey (D:4)
  13 electric eels
  A hound (D:6)
  11 orc priests
  4 gnoll boudas
  3 jellies
  2 iguanas
  33 orc wizards
  Robin (D:2)
  9 adders
  17 gnolls
  A white imp (D:6)
  2 ufetubi (D:7)
  A dart slug (D:1)
  93 orcs
  6 bats
  10 endoplasms
  6 giant cockroaches
  13 goblins
  19 hobgoblins
  4 jackals (D:2)
  35 kobolds
  5 quokkas
  2 training dummies (D:6)
  8 ball pythons
  4 frilled lizards
  6 rats
731 creatures vanquished.

Vanquished Creatures (others)
  A thorn hunter (Swamp:2)
  An alligator (Swamp:1)
  2 hydras (Lair:5)
  A goliath frog (Swamp:1)
  A rime drake (Lair:2)
  4 bloated husks
  A hornet (Swamp:3)
  A blink frog (Lair:1)
  A swamp worm (Swamp:4)
  A water moccasin (Lair:2)
  2 centaurs (D:13)
  A bullfrog (Lair:3)
  A wight (D:8)
  3 orcs (Orc:2)
  14 foxfires
35 creatures vanquished.

Grand Total: 766 creatures vanquished

Notes
Turn   | Place    | Note
-------+----------+-------------------------------------------
     0 | D:1      | octoduck the Merfolk Monk began the quest for the Orb.
     0 | D:1      | Reached XP level 1. HP: 18/18 MP: 1/1
    89 | D:1      | Reached XP level 2. HP: 22/24 MP: 2/2
   442 | D:1      | Reached XP level 3. HP: 28/29 MP: 3/3
   990 | D:2      | Noticed Robin
  1080 | D:2      | Reached skill level 5 in Long Blades
  1270 | D:2      | Reached XP level 4. HP: 33/35 MP: 4/4
  1295 | D:2      | Found Haifaj's Assorted Antiques.
  1516 | D:2      | Reached skill level 5 in Dodging
  1519 | D:2      | Found a basalt altar of Yredelemnul.
  1581 | D:2      | HP: 1/35 [Robin/puff of flame (6)]
  1585 | D:2      | Killed Robin
  2210 | D:2      | Bought a crooked fluorescent wand for 108 gold pieces
  2450 | D:2      | Reached XP level 5. HP: 22/41 MP: 5/5
  2834 | D:3      | Reached skill level 1 in Stealth
  3025 | D:3      | Found a radiant altar of Vehumet.
  3236 | D:3      | Found Demac's Antique Armour Emporium.
  3324 | D:3      | Found a sacrificial altar of Ru.
  3332 | D:3      | Became a worshipper of Ru the Awakened
  3337 | D:3      | Gained mutation: You are weak. (Str -2) [Ru sacrifice]
  3562 | D:4      | Found an ornate altar of the Wu Jian Council.
  3661 | D:4      | Reached XP level 6. HP: 23/47 MP: 6/6
  3913 | D:4      | Noticed Eustachio
  4096 | D:4      | Identified the +5 dagger "Ycijoj" {heavy, rF+ Str-5 Int+6
                  | Stlth+}
  4448 | D:5      | Entered Level 5 of the Dungeon
  4469 | D:5      | Reached skill level 1 in Evocations
  4617 | D:5      | Noticed a black bear
  4744 | D:5      | Reached XP level 7. HP: 41/52 MP: 7/7
  6312 | D:6      | Gained mutation: You cannot study or cast Ice magic. [Ru
                  | sacrifice]
  6312 | D:6      | Gained mutation: You cannot study or cast Hexes magic. [Ru
                  | sacrifice]
  6312 | D:6      | Gained mutation: You cannot study or cast Necromancy magic.
                  | [Ru sacrifice]
  6312 | D:6      | Reached * piety under Ru
  6772 | D:6      | Reached XP level 8. HP: 60/60 MP: 8/8
  6965 | D:2      | Bought a runed ring mail for 189 gold pieces
  7092 | D:4      | Killed Eustachio
  7682 | D:6      | Reached skill level 5 in Fighting
  7722 | D:7      | Found Ukoiwk's Book Shop.
  7771 | D:7      | Found a snail-covered altar of Cheibriados.
  7772 | D:7      | Found a hide-covered altar of Uskayaw.
  7772 | D:7      | Found an opulent altar of Gozag.
  7774 | D:7      | Found a shimmering blue altar of Sif Muna.
  7776 | D:7      | Found a glowing golden altar of the Shining One.
  7776 | D:7      | Found a stormy altar of Qazlal.
  7777 | D:7      | Found a white marble altar of Elyvilon.
  7887 | D:7      | Noticed a wyvern
  7892 | D:7      | Killed a wyvern
  7973 | D:7      | Reached skill level 10 in Long Blades
  8005 | D:7      | Reached XP level 9. HP: 55/71 MP: 9/9
  8127 | D:7      | Identified the +5 rapier of Balance {heavy, Drain rF++
                  | rCorr Dex+3}
  8373 | D:7      | Found a staircase to the Ecumenical Temple.
  8382 | Temple   | Found a transporter.
  8382 | Temple   | Found a transporter.
  8382 | Temple   | Found a transporter.
  8382 | Temple   | Found a transporter.
  8382 | Temple   | Entered the Ecumenical Temple
  8570 | D:8      | Found Lothrogg's Weapon Shoppe.
  8725 | D:8      | Reached skill level 6 in Dodging
  8725 | D:8      | Found Misoleghi's Weapon Emporium.
  8747 | D:8      | Found Archism's Assorted Antiques.
  8754 | D:8      | Noticed a troll
  8757 | D:8      | Bought a scroll of identify for 62 gold pieces
  8763 | D:8      | Found a broken altar of Ashenzari.
  9000 | D:8      | Gained mutation: You cannot train Armour skill. [Ru
                  | sacrifice]
  9000 | D:8      | Reached ** piety under Ru
  9000 | D:8      | Reached *** piety under Ru
  9131 | D:8      | Found Zoiregip's Distillery.
  9131 | D:8      | Found a shimmering altar of Xom.
  9135 | D:8      | Bought a potion of might for 56 gold pieces
  9155 | D:8      | Killed a troll
  9413 | D:8      | Reached skill level 7 in Dodging
  9537 | D:8      | Found Mamoaxzu's Book Emporium.
  9878 | D:9      | Reached skill level 8 in Dodging
 10028 | D:9      | Reached XP level 10. HP: 46/77 MP: 10/10
 10034 | D:9      | Reached skill level 9 in Dodging
 10597 | D:9      | Found Ehudyir's Jewellery Emporium.
 10597 | D:9      | Found Ywoepnot's General Store.
 10669 | D:9      | Found Fuatt's Book Boutique.
 10861 | D:9      | Reached skill level 10 in Dodging
 10885 | D:9      | Gained mutation: You occasionally lose the ability to read
                  | scrolls when taking damage. [Ru sacrifice]
 10885 | D:9      | Gained mutation: You sometimes lose the ability to read
                  | scrolls when taking damage. [Ru sacrifice]
 10885 | D:9      | Reached **** piety under Ru
 10968 | D:9      | Found a staircase to the Lair.
 11095 | D:9      | Found a staircase to the Orcish Mines.
 11307 | D:9      | Found Keob's General Store.
 11315 | D:9      | Bought a potion of resistance for 150 gold pieces
 11315 | D:9      | Bought a scroll of identify for 30 gold pieces
 11475 | D:9      | Reached skill level 11 in Dodging
 12115 | D:10     | Entered Level 10 of the Dungeon
 12234 | D:10     | Noticed an unseen horror
 12240 | D:10     | Killed an unseen horror
 12709 | D:10     | Found a hazy altar of Hepliaklqana.
 12823 | D:10     | Reached skill level 12 in Dodging
 12823 | D:10     | Reached XP level 11. HP: 30/83 MP: 11/11
 13034 | D:10     | Gained mutation: You are sensitive to extremes of
                  | temperature. (rF-, rC-) [Ru sacrifice]
 13034 | D:10     | Reached ***** piety under Ru
 13959 | D:11     | Found a shadowy altar of Dithmenos.
 14124 | D:11     | Noticed a two-headed ogre
 14163 | D:11     | Noticed a two-headed ogre
 14284 | D:11     | Noticed a boulder beetle
 14309 | D:11     | Noticed a cyclops
 14427 | Lair:1   | Entered Level 1 of the Lair of Beasts
 14469 | Lair:1   | Reached skill level 5 in Evocations
 14965 | Lair:1   | Reached skill level 13 in Dodging
 15021 | Lair:1   | Gained mutation: You cannot voluntarily change form. [Ru
                  | sacrifice]
 15021 | Lair:1   | Reached ****** piety under Ru
 16327 | Lair:2   | Noticed a catoblepas
 16401 | Lair:2   | Reached skill level 1 in Throwing
 16636 | Lair:2   | Reached XP level 12. HP: 95/95 MP: 12/12
 16947 | Lair:2   | Reached skill level 14 in Dodging
 17630 | Lair:3   | Identified the +7 battleaxe of Daunek {heavy, *Noise rPois
                  | Dex+3 Stlth+}
 17722 | Lair:3   | Found a hole to the Spider Nest.
 17806 | Lair:3   | Found a staircase to the Swamp.
 17871 | Lair:3   | Noticed an eight-headed hydra
 18486 | D:3      | Bought an embroidered scarf for 160 gold pieces
 18786 | Lair:2   | Killed a catoblepas
 18787 | Lair:2   | Reached skill level 10 in Fighting
 19785 | Lair:4   | Noticed a seven-headed hydra
 19826 | Lair:4   | Noticed a five-headed hydra
 19833 | Lair:4   | a five-headed hydra changed into a bunyip
 19833 | Lair:4   | Noticed a bunyip
 19849 | Lair:4   | Killed a bunyip
 19850 | Lair:4   | Reached skill level 5 in Throwing
 20030 | Lair:4   | Reached skill level 15 in Dodging
 20104 | Lair:4   | Noticed a skyshark
 20117 | Lair:4   | Killed a skyshark
 20150 | Lair:4   | Noticed a boulder beetle
 20154 | Lair:4   | Killed a seven-headed hydra
 20155 | Lair:4   | Reached XP level 13. HP: 76/95 MP: 4/13
 20819 | Lair:5   | Entered Level 5 of the Lair of Beasts
 21199 | Orc:1    | Entered Level 1 of the Orcish Mines
 21404 | Orc:2    | Entered Level 2 of the Orcish Mines
 22319 | Orc:2    | Found Zysuil's CLEARANCE SALE!.
 22321 | Orc:2    | Found Susof's Book Boutique.
 22333 | Orc:2    | Bought a scroll of teleportation for 9 gold pieces
 22333 | Orc:2    | Bought a wand of charming (1) for 7 gold pieces
 22333 | Orc:2    | Bought 3 scrolls of identify for 18 gold pieces
 22333 | Orc:2    | Bought a scroll of amnesia for 12 gold pieces
 22349 | Orc:2    | Found a staircase to the Elven Halls.
 22679 | Orc:2    | Found Ynnud's General Store.
 22679 | Orc:2    | Found Ipaol's Distillery.
 22721 | Orc:2    | Bought a potion of haste for 150 gold pieces
 22958 | Orc:2    | Reached skill level 16 in Dodging
 23034 | Orc:2    | Found Unuquguf's Antique Weapon Shop.
 23034 | Orc:2    | Found Zuwij's Weapon Shoppe.
 23203 | D:9      | Bought a wand of quicksilver (7) for 411 gold pieces
 24886 | D:12     | Reached skill level 10 in Evocations
 25009 | D:12     | Found a blossoming altar of Fedhas.
 25074 | D:12     | Reached XP level 14. HP: 115/115 MP: 14/14
 26414 | D:13     | Noticed Urug
 26443 | D:13     | Killed Urug
 26695 | D:13     | Reached skill level 17 in Dodging
 29080 | Lair:5   | Found a runed translucent door.
 29336 | Lair:5   | Noticed an acid blob
 29337 | Lair:5   | Found a staircase to the Slime Pits.
 29337 | Lair:5   | Noticed an acid blob
 29337 | Lair:5   | Noticed an acid blob
 29337 | Lair:5   | Noticed an acid blob
 29515 | Lair:5   | Reached skill level 5 in Stealth
 30475 | D:13     | Reached XP level 15. HP: 117/125 MP: 15/15
 30544 | D:13     | Reached skill level 10 in Throwing
 30565 | D:13     | Found a gate to the Vaults.
 30814 | D:13     | Reached skill level 1 in Shields
 32580 | D:15     | Entered Level 15 of the Dungeon
 33093 | D:15     | Reached skill level 5 in Shields
 33910 | D:15     | Found a snail-covered altar of Cheibriados.
 33911 | D:15     | Found a blossoming altar of Fedhas.
 33911 | D:15     | Found a broken altar of Ashenzari.
 33985 | D:15     | Upgraded the game from 0.31-a0-1074-g0b22e4e0f1 to
                  | 0.31-a0-1522-g43313d8a59
 34196 | Swamp:1  | Entered Level 1 of the Swamp
 34823 | Swamp:1  | Reached skill level 15 in Fighting
 35315 | Swamp:1  | Found a runed translucent door.
 35317 | Swamp:1  | Found a shimmering altar of Xom.
 35317 | Swamp:1  | Noticed tgirl's ghost (adept OpEn)
 36620 | Swamp:2  | Noticed a thorn hunter
 36738 | Swamp:2  | Killed a thorn hunter
 36921 | Swamp:2  | Reached XP level 16. HP: 123/136 MP: 16/16
 38767 | Swamp:4  | Entered Level 4 of the Swamp
 38838 | Swamp:3  | Reached skill level 10 in Shields
 39211 | Swamp:4  | Identified the +2 scale mail of Kadeowk {+Blink rF+ SInv}
 39217 | Swamp:4  | Noticed a fenstrider witch
 39232 | Swamp:3  | Killed a fenstrider witch
 39800 | Swamp:4  | Killed from afar by a will-o-the-wisp

Illustrated notes

Levels and vault maps discovered:
D:1:      giann_wishing_wells, layout_rooms, minmay_tetromino_t4
D:2:      layout_basic, basic_altar, serial_shops,
          nicolae_shop_tiny_real_fake_doors, minmay_randomly_rotated_circles,
          uniq_robin
D:3:      layout_loops_cross, mainiacjoe_overflow_alcove_1,
          nicolae_ru_path_of_blood, serial_shops, shop, palyth_stone_intersect,
          grunt_ministairs_2, kennysheep_generic_room_15
D:4:      kennysheep_six_static_rooms, layout_loops_ring,
          nzn_wu_jian_contemplation, uniq_eustachio
D:5:      minmay_inner_zag, layout_basic, nicolae_kite_square_tiling_tiny
D:6:      dreamdust_elfheim, layout_cave_pools, kennysheep_decorative_pillar
D:7:      layout_cave_pools, grunt_temple_overflow_open,
          minmay_temple_entry_poolview, serial_shops,
          nicolae_shop_gibbet_a_chance, lightli_orcish_oven
D:8:      layout_basic, ashenzari_altar_1, xom_butterflies, serial_shops, shop,
          shop_statue, nicolae_shop_back_alley_shop,
          nicolae_shop_back_alley_shop, nicolae_shop_statue_plus
D:9:      kennysheep_seaside_town, layout_stronghold, dpeg_oklobed_lair,
          hiddenorc2_lemuel, serial_shops, shop, nicolae_shop_crystal,
          nicolae_shop_tiny_real_fake_doors, nicolae_shop_stone
D:10:     layout_basic, worldfamousw_hep_ancestral_shrine
D:11:     layout_roguey, grunt_dithmenos_smoke
D:12:     layout_roguey, minmay_ruined_shrine, uniq_psyche
D:13:     layout_gridville, grunt_vaults_entry_tiered, uniq_urug
D:14:     layout_long_grid, chequers_big_river
D:15:     hangedman_slaughterboxes
Temple:   hellmonk_temple_divided_pantheon
Lair:1:   layout_cave_pods, nicolae_volcano_entry_batcave
Lair:2:   layout_chaotic_city, hibernation_bobbens
Lair:3:   layout_regular_city, nicolae_swamp_entry_splash_gauntlet,
          hellmonk_spider_entry_not_the_bees
Lair:4:   layout_hall_layers, nicolae_quartered_pool_little,
          serial_bayou_shore_b
Lair:5:   hangedman_lair_in_review, layout_cave_pods, guppyfry_lair_end_dragon,
          slime_entry_2, lemuel_fruit_tree
Swamp:1:  layout_falls_marsh, ebering_ghost_xom, serial_swamp_ruin,
          evilmike_swamp_ruin_rubble_2, evilmike_swamp_ruin_house_4,
          nicolae_swamp_frolicking_bunyips
Swamp:2:  layout_falls_marsh, hangedman_swamp_pad
Swamp:3:  layout_basic_swamp, nicolae_swamp_treefoil
Swamp:4:  swamp_basic_johnstein, layout_basic_swamp,
          nicolae_swamp_decorative_isthmus
Orc:1:    layout_caves
Orc:2:    st_orc_town, layout_caves, serial_shops, shop, nicolae_shop_clearance

Skill      XL: |  1  2  3  4  5  6  7  8  9 10 11 12 13 14 15 16 |
---------------+-------------------------------------------------+-----
Long Blades    | 4 5 6 7 8 10 12 14 | 14.2
Dodging        | 5 8 12 13 15 16 17 | 17.9
Stealth        | 2 3 6 |  6.2
Evocations     | 2 3 6 8 10 | 10.0
Fighting       | 6 9 10 12 13 15 16 | 16.2
Throwing       | 1 5 7 9 10 | 10.1
Shields        | 8 10 | 10.4

Action                     |  1- 3 |  4- 6 |  7- 9 | 10-12 | 13-15 | 16-18 || total
---------------------------+-------+-------+-------+-------+-------+-------++-------
  Melee: Falchion          |   131 |   152 |    99 |       |       |       ||   382
         Punch             |     1 |       |     5 |    10 |    21 |       ||    37
         Dagger            |       |    23 |    10 |       |       |       ||    33
         Long sword        |       |       |   164 |   627 |  1378 |   174 ||  2343
         Tailslap          |       |       |       |     3 |    24 |    37 ||    64
         Scimitar          |       |       |       |       |   134 |    27 ||   161
  Throw: Dart              |       |     3 |     6 |     1 |    12 |       ||    22
         Javelin           |       |       |     1 |       |    23 |     4 ||    28
 Invoke: Sacrifice Purity  |       |     1 |       |       |       |       ||     1
         Sacrifice Arcana  |       |       |     1 |       |       |       ||     1
         Sacrifice Durabil |       |       |     1 |       |       |       ||     1
         Sacrifice Words   |       |       |       |     1 |       |       ||     1
         Power Leap        |       |       |       |     2 |     1 |       ||     3
         Sacrifice Resista |       |       |       |     1 |       |       ||     1
         Sacrifice Forms   |       |       |       |     1 |       |       ||     1
         Apocalypse        |       |       |       |     1 |     2 |       ||     3
         Draw Out Power    |       |       |       |       |     3 |     1 ||     4
  Evoke: Wand              |       |       |    19 |    39 |    24 |     4 ||    86
    Use: Potion            |     1 |       |     2 |     2 |       |       ||     5
         Scroll            |     2 |     4 |     8 |    13 |     1 |       ||    28
   Stab: Sleeping          |       |    10 |     6 |     6 |     5 |     5 ||    32
         Distracted        |       |     1 |     1 |     7 |     8 |     5 ||    22
         Invisible         |       |       |       |     4 |    10 |       ||    14
         Paralysed         |       |       |       |     4 |    11 |       ||    15
         Petrifying        |       |       |       |       |     2 |       ||     2
 Armour: Robe              |    32 |       |       |       |       |       ||    32
         Ring mail         |    31 |    80 |   160 |   248 |   474 |    83 ||  1076
  Dodge: Dodged            |    67 |   106 |   112 |   321 |   737 |   110 ||  1453
  Block: Other             |       |       |       |    21 |   139 |       ||   160
         Reflection        |       |       |       |     2 |     9 |     2 ||    13
         Kite shield       |       |       |       |       |   320 |   143 ||   463

Table legend: (Time is in decaauts)
 A = Elapsed time spent in this place.
 B = Non-inter-level travel time spent in this place.
 C = Inter-level travel time spent in this place.
 D = Time resting spent in this place.
 E = Time spent auto-exploring this place.
 F = Levels seen in this place.
 G = Mean time per level.
                   A        B        C        D        E       F      G
               +--------+--------+--------+--------+--------+-----+--------+
         Total |  38832 |  33975 |   4857 |  10550 |  13698 |  27 | 1438.2 |
       Dungeon |  22552 |  19488 |   3064 |   5007 |   8641 |  15 | 1503.5 |
        Temple |      1 |      1 |      0 |      0 |      0 |   1 |    1.0 |
          Lair |   9248 |   7899 |   1349 |   2783 |   3148 |   5 | 1849.6 |
         Swamp |   5163 |   4807 |    356 |   2459 |   1110 |   4 | 1290.8 |
  Orcish Mines |   1867 |   1780 |     87 |    301 |    799 |   2 |  933.5 |
               +--------+--------+--------+--------+--------+-----+--------+

Top non-repeatable levels by time:
     D:9: 2369 daAuts
 Swamp:1: 2328 daAuts
  Lair:4: 2311 daAuts
    D:13: 2012 daAuts
  Lair:2: 1910 daAuts
    D:10: 1883 daAuts
    D:12: 1859 daAuts
     D:5: 1847 daAuts
  Lair:1: 1840 daAuts
  Lair:3: 1688 daAuts
     D:2: 1639 daAuts
 Swamp:3: 1631 daAuts
    D:11: 1517 daAuts
  Lair:5: 1497 daAuts
     D:8: 1466 daAuts
